 Dungeon Crawl Stone Soup version 0.29.0-7-g18a832c13a (webtiles) character file.

Game seed: 2566077614095739408

45 ImASeal the Shield-Bearer (level 3, -3/36 HPs)
             Began as a Troll Fighter on Aug 31, 2022.
             Slain by a gnoll
             ... wielding a +0 flail
              (6 damage)
             ... on level 2 of the Dungeon.
             The game lasted 00:01:45 (942 turns).

ImASeal the Shield-Bearer (Troll Fighter)            Turns: 942, Time: 00:01:46

Health: -3/36      AC:  4    Str: 26    XL:     3   Next: 42%
Magic:  2/2        EV:  8    Int:  4    God:
Gold:   28         SH:  7    Dex:  9    Spells: 2/2 levels left

rFire   . . .      SeeInvis .   a - +0 war axe
rCold   . . .      Faith    .   c - +0 kite shield
rNeg    . . .      Spirit   .   b - +0 robe
rPois   .          Reflect  .   (helmet restricted)
rElec   .          Harm     .   (no cloak)
rCorr   .          Rampage  .   (gloves unavailable)
Will    .....                   (boots unavailable)
Stlth   +.........              (no amulet)
HPRegen 0.92/turn               (no ring)
MPRegen 0.08/turn               (no ring)

@: no status effects
A: large, unfitting armour, claws 3, regeneration 1, shaggy fur 1, tough skin 1
a: no special abilities


You were on level 2 of the Dungeon.
You visited 1 branch of the dungeon, and saw 2 of its levels.

You collected 28 gold pieces.

Inventory:

Hand Weapons
 a - a +0 war axe (weapon)
Missiles
 k - 6 poisoned darts (quivered)
Armour
 b - a +0 robe (worn)
 c - a +0 kite shield (worn)
Jewellery
 h - a ring of wizardry
Scrolls
 e - a scroll of torment {unknown}
 g - 3 scrolls of enchant armour {unknown}
 j - a scroll of vulnerability {unknown}
 l - a scroll of acquirement {unknown}
 m - 2 scrolls of enchant weapon {unknown}
 n - a scroll of teleportation {unknown}
 o - a scroll of brand weapon {unknown}
 p - a scroll of identify {unknown}
Potions
 d - a potion of might
 f - a potion of brilliance {unknown}
 i - a potion of mutation {unknown}


   Skills:
 + Level 2.7 Fighting
 * Level 2.6 Axes
 - Level 2.6 Dodging
 - Level 2.8 Shields


You had 2 spell levels left.
You didn't know any spells.
Your spell library contained the following spells:

 Spells                   Type           Power      Damage    Failure   Level
 Ensorcelled Hibernation  Hex/Ice        0%         N/A       91%         2
 Passwall                 Tmut/Erth      0%         N/A       91%         2
 Conjure Flame            Conj/Fire      0%         6-21      99%         3
 Ignite Poison            Fire/Tmut/Pois 0%         N/A       99%         3
 Swiftness                Air            0%         N/A       99%         3
 Sticky Flame             Conj/Fire      0%         2d3       100%        4


Dungeon Overview and Level Annotations

Branches:
Dungeon (2/15)

Altars:


Innate Abilities, Weirdness & Mutations

You are too large for most types of armour.
You have claws for hands.
Your natural rate of healing is unusually fast.
You are covered in fur. (AC +1)
You have tough skin. (AC +1)


Message History

A gnoll comes into view. It is wielding a +0 spear.
The gnoll shouts!
A gnoll comes into view. It is wielding a +0 whip.
The gnoll shouts!
The gnoll hits you with a +0 spear.
You closely miss the gnoll. The gnoll barely misses you.
You hit the gnoll but do no damage. You block the gnoll's attack.
The gnoll barely misses you.
You completely miss the gnoll. You block the gnoll's attack.
You closely miss the gnoll. The gnoll hits you with a +0 spear.
The gnoll barely misses you.
You hit the gnoll but do no damage. The gnoll hits you with a +0 spear.
You barely miss the gnoll. The gnoll barely misses you.
The gnoll hits you with a +0 spear.
You hit the gnoll.
The gnoll is heavily wounded.
The gnoll hits you with a +0 spear!
You hit the gnoll.
The gnoll is heavily wounded.
The gnoll hits you with a +0 spear. x2
You slash the gnoll!
You kill the gnoll!
You closely miss the gnoll. The gnoll closely misses you.
The gnoll barely misses you. x2
The gnoll hits you from afar with a +0 spear.
You closely miss the gnoll. The gnoll hits you with a +0 flail!
The gnoll hits you from afar with a +0 spear.
The gnoll attacks as you move away! The gnoll closely misses you.
The gnoll attacks as you move away! You block the gnoll's attack.
The gnoll attacks as you move away! The gnoll closely misses you.
The gnoll attacks as you move away! You block the gnoll's attack.
The gnoll attacks as you move away! You block the gnoll's attack.
The gnoll attacks as you move away! The gnoll hits you with a +0 flail.
The gnoll attacks as you move away! The gnoll hits you with a +0 flail.
The gnoll attacks as you move away! The gnoll hits you with a +0 flail!
* * * LOW HITPOINT WARNING * * *
Things that are here:
a +0 short sword; 2 stones; a kobold corpse The gnoll attacks as you move away!
The gnoll hits you with a +0 flail.
You die...

##### ########## #...#
#........# #...#
#........# #...#
####........####...###
...†...........'....>#
####........####@..#.#
#############g..#.#
.......g..#.# ###
..........#.# #<#
........###.#######
#.#
.......g###.......#
#.#
..............###.# .
#.# ..............#
.##.# ..............#


You could see 3 gnolls.

Vanquished Creatures
  A gnoll (D:2)
  5 endoplasms (D:1)
  2 giant cockroaches (D:1)
  4 goblins (D:1)
  A hobgoblin (D:1)
  2 kobolds
  2 quokkas (D:1)
  2 ball pythons
  6 bats
  8 rats
33 creatures vanquished.

Notes
Turn   | Place    | Note
-------+----------+-------------------------------------------
     0 | D:1      | ImASeal the Troll Fighter began the quest for the Orb.
     0 | D:1      | Reached XP level 1. HP: 22/22 MP: 0/0
   103 | D:1      | Reached XP level 2. HP: 29/29 MP: 1/1
   441 | D:1      | Found a faded altar of an unknown god.
   545 | D:1      | Reached XP level 3. HP: 36/36 MP: 2/2
   942 | D:2      | Slain by a gnoll

Illustrated notes

Levels and vault maps discovered:
D:1:      dpeg_arrival_ratfight, layout_basic, basic_ecumenical_altar,
          minmay_close_crescents
D:2:      layout_basic

Skill      XL: |  1  2 |
---------------+-------+-----
Axes           | 2 |  2.6
Fighting       | |  2.7
Dodging        | |  2.6
Shields        | |  2.8

Action                   || total
-------------------------++-------
Melee: War axe           ||   108
Armor: Robe              ||    64
Dodge: Dodged            ||    54
Block: Kite shield       ||    48
